[Event "*** Titled Tuesday Blitz"]
[Site "Chess.com"]
[Date "2021.03.09"]
[Round "11"]
[White "Nozdrachev_Vladislav"]
[Black "Sergey85Rodchenkov"]
[Result "1/2-1/2"]
[WhiteElo "2703"]
[BlackElo "2535"]
[TimeControl "180+1"]
[EndTime "12:09:45 PST"]
[Termination "Game drawn by agreement"]

1. e4 c5 2. Nf3 d6 3. d4 cxd4 4. Nxd4 Nf6 5. Nc3 a6 6. h3 e6 7. g4 d5 8. exd5 Nxd5 9. Nde2 Bb4 10. Bd2 Nxc3 11. Bxc3 Bxc3+ 12. Nxc3 O-O 13. Qxd8 Rxd8 14. Bg2 Nc6 15. Rd1 Rxd1+ 16. Kxd1 e5 17. Kc1 Be6 18. Rd1 Rd8 19. Bxc6 Rxd1+ 20. Kxd1 bxc6 21. b3 Kf8 22. Ne4 Ke7 23. Nc5 Bc8 24. Ke2 a5 25. Kd3 f5 26.
f3 Kd6 27. Na4 e4+ 28. Ke3 exf3 29. Kxf3 fxg4+ 30. hxg4 Ke5 31. c3 g5 32. Nb2 Be6 33.
Nd3+ Kd6 34. Nf2 Bd5+ 35. Ke3 c5 36. c4 Bc6 37. Nd3 a4 38. b4 cxb4 39. Nxb4 Bd7 40. Kd4 Bxg4 41. c5+ Kd7 42. Nd5 Be6 43. Nf6+ Kc6 44.
Nxh7 g4 45. Ng5 Bxa2 46. Ne4 a3 47. Kc3 Bd5 48. Ng3 Kxc5 49. Nf5 a2 50. Kb2 Be6 51.
Ng3 Kd4 52. Nh5 Ke3 53. Ng3 Kf3 54. Nh5 Bf7 55. Ng7 g3 56. Nf5 Kg4 57. Nxg3 Kxg3 58. Ka1 Kf3 59. Kb2 Ke2 60. Ka1 Kd1 61. Kb2 Kd2 62.
Ka1 1/2-1/2

[Event "*** Titled Tuesday Blitz"]
[Site "Chess.com"]
[Date "2021.03.09"]
[Round "11"]
[White "Jan1401"]
[Black "bylavochka"]
[Result "1-0"]
[WhiteElo "2421"]
[BlackElo "2233"]
[TimeControl "180+1"]
[EndTime "12:09:45 PST"]
[Termination "Jan1401 won by resignation"]

1. e4 c5 2. Nf3 d6 3. Bb5+ Bd7 4. Bxd7+ Qxd7 5. O-O Nc6 6. c3 Nf6 7. Re1 e6 8. d4 cxd4 9. cxd4 d5 10. e5 Ne4 11. a3 Be7 12. Nbd2 Nxd2 13. Bxd2 O-O 14.
Rc1 Rac8 15. Rc3 a6 16. Rd3 b5 17. Ng5 h6 18. Nh3 b4 19. Qh5 Kh7 20. axb4 Bxb4 21. Bxh6 gxh6 22. Ng5+ Kg7 23. Rg3 Rg8 24. Ne4+ Kf8 25.
Qxh6+ Ke7 26. Qf6+ Kf8 27. Qh6+ Ke7 28. Qh4+ Kf8 29.
Rxg8+ Kxg8 30. Nf6+ Kg7 31. Qg5+ Kf8 32. Nxd7+ Ke8 33.
Nf6+ Kd8 34. Nxd5+ Kd7 35. Nb6+ Kc7 36. Nxc8 Bxe1 37. Ne7 Nxd4 38. Qc1+ Kd7 39. Qxe1 Kxe7 40. Qb4+ 1-0

[Event "*** Titled Tuesday Blitz"]
[Site "Chess.com"]
[Date "2021.03.09"]
[Round "11"]
[White "andrewtnb"]
[Black "Vandros57"]
[Result "1-0"]
[WhiteElo "2310"]
[BlackElo "2210"]
[TimeControl "180+1"]
[EndTime "12:09:45 PST"]
[Termination "andrewtnb won on time"]

1. d4 d5 2. Nf3 Nf6 3. c4 e6 4. Nc3 Be7 5. Bf4 O-O 6. e3 b6 7. cxd5 Nxd5 8. Nxd5 Qxd5 9. Bd3 Ba6 10. Bxa6 Bb4+ 11.
Ke2 Nxa6 12. Qd3 b5 13. a3 Bd6 14. Bg3 h6 15. Rhd1 Rab8 16. e4 Qc4 17. Rac1 Qxd3+ 18.
Rxd3 Bxg3 19. hxg3 b4 20. a4 b3 21. Rc4 Rfc8 22.
Nd2 c5 23. Nxb3 cxd4 24. Rxc8+ Rxc8 25. Nxd4 Nb4 26. Rc3 Rd8 27. Ke3 e5 28. Nc6 Nxc6 29. Rxc6 Rd4 30. b3 Rb4 31. Rc3 f6 32. f3 Kf7 33.
Kd2 Ke6 34. Kc2 Kd6 35. Rc4 Rb7 36. Kc3 g6 37. b4 f5 38. b5 Rb6 39. Kb4 1-0

[Event "*** Titled Tuesday Blitz"]
[Site "Chess.com"]
[Date "2021.03.09"]
[Round "11"]
[White "Iskusnyh"]
[Black "SaraciNderim"]
[Result "1-0"]
[WhiteElo "2627"]
[BlackElo "2774"]
[TimeControl "180+1"]
[EndTime "12:09:46 PST"]
[Termination "Iskusnyh won by resignation"]

1. d4 d5 2. c4 c6 3. Nf3 Nf6 4. e3 a6 5. Bd3 Bg4 6. Nbd2 e6 7. O-O Nbd7 8. Qc2 Bd6 9. b3 O-O 10. Bb2 Rc8 11. c5 Bb8 12. Ne5 Bh5 13. f4 Re8 14. b4 Nf8 15. Ndf3 Ng4 16. Ng5 Bxe5 17. dxe5 Nxe3 18. Bxh7+ Kh8 19. Qd3 Nxf1 20. Qh3 Qxg5 21.
fxg5 Nxh7 22. Qxh5 Nd2 23. Qxf7 Nxg5 24. Qh5+ Nh7 25.
Bc1 Ne4 26. Be3 Rf8 27. Rf1 Rxf1+ 28. Kxf1 Rf8+ 29. Ke1 Kg8 30. Qg6 Rf7 31. Qxe6 Nf8 32. Qc8 Kh7 33. e6 Nxe6 34. Qxe6 Rf6 35. Qh3+ Kg8 36. Qc8+ Kh7 37. Qxb7 Re6 38. Qf7 Ng5 39. Qh5+ 1-0

[Event "*** Titled Tuesday Blitz"]
[Site "Chess.com"]
[Date "2021.03.09"]
[Round "11"]
[White "grandcoach"]
[Black "KetiGrant"]
[Result "1-0"]
[WhiteElo "2270"]
[BlackElo "2337"]
[TimeControl "180+1"]
[EndTime "12:09:47 PST"]
[Termination "grandcoach won on time"]

1. e4 c5 2. b4 cxb4 3. a3 e6 4. axb4 Bxb4 5. c3 Be7 6. d4 d6 7. Bd3 Nc6 8. f4 Nf6 9. Nd2 O-O 10. Ngf3 b6 11. O-O Bb7 12. e5 dxe5 13. fxe5 Nd5 14. Ne4 f5 15. exf6 gxf6 16. Qe1 Rf7 17. Bh6 Bf8 18. Bxf8 Qxf8 19. Qh4 Qg7 20. Nd6 Rd7 21.
Nxb7 Rxb7 22. c4 Ne3 23. Rf2 Ne7 24. Qe4 N7f5 25. Re1 Re8 26. Rxe3 Nxe3 27. Qxe3 a5 28.
d5 e5 29. Nd4 Qg4 30. Rf3 Qxd4 31. Rg3+ Rg7 32. Qxd4 exd4 33. Rf3 Re3 34. Bf5 1-0

[Event "*** Titled Tuesday Blitz"]
[Site "Chess.com"]
[Date "2021.03.09"]
[Round "11"]
[White "PetrolulSah"]
[Black "jraosam"]
[Result "1-0"]
[WhiteElo "2208"]
[BlackElo "1931"]
[TimeControl "180+1"]
[EndTime "12:09:48 PST"]
[Termination "PetrolulSah won on time"]

1. d4 e5 2. dxe5 Nc6 3. Nf3 Qe7 4. Nc3 Nxe5 5. Nxe5 Qxe5 6. Qd5 Qxd5 7. Nxd5 Bd6 8. e4 c6 9. Ne3 Nf6 10. Nf5 Bc7 11.
Nxg7+ Kf8 12. Bh6 Ba5+ 13. c3 Ng4 14. Nf5+ Nxh6 15. Nxh6 d5 16. exd5 cxd5 17. O-O-O Bb6 18. Rxd5 Be6 19. Rh5 Bxa2 20. Bd3 Be6 21. Nf5 Bxf2 22. Rf1 Bb6 23. Nd6 Ke7 24. Nxb7 Rag8 25. g3 h6 26. Nc5 Rg5 27. Rxg5 hxg5 28. Nxe6 fxe6 29. Re1 Rxh2 30. Bf5 Rh6 31. g4 Rf6 32. Kc2 Bc7 33. b4 e5 34. Rd1 Rd6 35. Ra1 Bb6 36. Rh1 Rd8 37. Rh7+ Kd6 38. Rg7 Be3 39. Kd3 1-0

[Event "*** Titled Tuesday Blitz"]
[Site "Chess.com"]
[Date "2021.03.09"]
[Round "11"]
[White "Fiona"]
[Black "canary2016"]
[Result "1-0"]
[WhiteElo "2205"]
[BlackElo "2053"]
[TimeControl "180+1"]
[EndTime "12:09:48 PST"]
[Termination "Fiona won by checkmate"]

1. e4 c5 2. Nc3 a6 3. f4 b5 4.
Nf3 Bb7 5. d3 Nc6 6. g3 e6 7.
Bg2 g6 8. O-O Bg7 9. Qe1 Nge7 10.
Nd1 O-O 11. c3 Rc8 12. g4 d5 13. f5 exf5 14. Bg5 fxg4 15. Nd2 dxe4 16. Nxe4 Qc7 17. Nf6+ Bxf6 18. Bxf6 Nf5 19. Rxf5 gxf5 20. Qh4 Qf4 21. Nf2 Rfe8 22. Bg5 Qe5 23. Rf1 Re6 24. Qh5 Qg7 25. Nh1 Rce8 26. Ng3 Re1 27. Nxf5 Rxf1+ 28. Bxf1 Qg6 29. Qxg4 Bc8 30. Nh6+ Kh8 31. Qf4 Rf8 32.
Kf2 Bd7 33. Bf6+ Qxf6 34. Qxf6# 1-0

[Event "*** Titled Tuesday Blitz"]
[Site "Chess.com"]
[Date "2021.03.09"]
[Round "11"]
[White "Chesspirate_Channel"]
[Black "Vsevolod_Ovchinnikov"]
[Result "0-1"]
[WhiteElo "2394"]
[BlackElo "2513"]
[TimeControl "180+1"]
[EndTime "12:09:49 PST"]
[Termination "Vsevolod_Ovchinnikov won by checkmate"]

1. d4 Nf6 2. Nc3 d5 3. Bg5 Nbd7 4. Qd2 h6 5. Bh4 c6 6. f3 b5 7. a3 e6 8. e4 dxe4 9. Bxf6 Nxf6 10. fxe4 a6 11. Nf3 Bb7 12. Bd3 c5 13. e5 Nd5 14.
Ne4 cxd4 15. Nxd4 Be7 16. O-O O-O 17. c3 Qc7 18. Rae1 Kh8 19. Ng3 Rad8 20. Nh5 Bg5 21. Qf2 g6 22. Nxe6 fxe6 23. Qxf8+ Rxf8 24. Rxf8+ Kh7 25. Ref1 Nf4 26. Nxf4 Qc5+ 27. Kh1 Qxf8 28. Bxg6+ Kh8 29. Be4 Bxf4 30. Bxb7 Qg7 31. Bc8 Qxe5 32. Bb7 a5 33. Rd1 Bg5 34. Bf3 Kg7 35. g3 Qe3 36.
Kg2 e5 37. Rd7+ Kf8 38. Rd6 e4 39. Bg4 Qc1 40. Kh3 Qf1# 0-1

[Event "*** Titled Tuesday Blitz"]
[Site "Chess.com"]
[Date "2021.03.09"]
[Round "11"]
[White "kamilianin235"]
[Black "CM_rui"]
[Result "0-1"]
[WhiteElo "2265"]
[BlackElo "2383"]
[TimeControl "180+1"]
[EndTime "12:09:49 PST"]
[Termination "CM_rui won by resignation"]

1. e4 e5 2. Nf3 Nc6 3. Bc4 Bc5 4.
c3 Nf6 5. d3 O-O 6. a4 d5 7. exd5 Nxd5 8. O-O a6 9. Nbd2 Nf4 10.
Ne4 Bb6 11. Bxf4 exf4 12. d4 Bf5 13. Re1 h6 14. b4 Ne7 15. Qb3 Ng6 16. a5 Ba7 17.
Rad1 Qd7 18. Nc5 Bxc5 19. dxc5 Qc8 20. Nd4 Nh4 21. Re7 Bg6 22. Ne6 Re8 23. Rxe8+ Qxe8 24. Nxc7 Qe4 25. Bd5 Qe2 26. Nxa8 Bc2 27. Bxf7+ Kh7 28. Bg8+ Kh8 29. Rf1 Bxb3 30. Bxb3 f3 31. g3 Qe4 32.
Nb6 Qg4 33. Rd1 Qh3 34. Rd8+ Kh7 35. Bg8+ Kg6 36. Rd6+ Kg5 37. gxh4+ Kxh4 38. Rg6 Qf5 0-1

[Event "*** Titled Tuesday Blitz"]
[Site "Chess.com"]
[Date "2021.03.09"]
[Round "11"]
[White "Atco84"]
[Black "tusplingher"]
[Result "1-0"]
[WhiteElo "2445"]
[BlackElo "2313"]
[TimeControl "180+1"]
[EndTime "12:09:50 PST"]
[Termination "Atco84 won by resignation"]

1. b3 c5 2. Bb2 Nc6 3. Nf3 d6 4.
c4 e5 5. Nc3 g6 6. g3 Bg7 7. d3 Nge7 8. Bg2 Be6 9. Ng5 Bf5 10.
O-O O-O 11. h3 Qc8 12. Kh2 Nd4 13. e3 Ndc6 14. Rc1 h6 15. Nge4 Qd7 16. Nb5 Bxe4 17.
dxe4 Rad8 18. Qd2 a6 19. Nc3 f5 20. exf5 Nxf5 21. Nd5 Nfe7 22. Be4 Nxd5 23. Qxd5+ Kh7 24.
Qd3 Rf6 25. Rcd1 Nb4 26. Qb1 Rdf8 27. Kg2 Qf7 28. Rd2 Nc6 29. Qd1 Qe7 30. h4 Nd8 31. h5 Nf7 32. hxg6+ Rxg6 33. Qh5 Qg5 34. Qxg5 hxg5 35.
Rh1+ Bh6 36. Rhd1 Rd8 37. Bxg6+ Kxg6 38. Kf3 Kf5 39. g4+ Ke6 40. Ke4 Rf8 41. Bc3 b6 42.
Rh1 a5 43. f3 Rd8 44. Rdh2 Rh8 45. f4 Rh7 46. Rh5 gxf4 47. exf4 exf4 48. g5 Nxg5+ 49. Rxg5 f3 50. Rg6+ Kd7 51. Rgxh6 Rf7 52. Rf6 1-0

[Event "*** Titled Tuesday Blitz"]
[Site "Chess.com"]
[Date "2021.03.09"]
[Round "11"]
[White "Shuvalov"]
[Black "mapleaff"]
[Result "0-1"]
[WhiteElo "2499"]
[BlackElo "2418"]
[TimeControl "180+1"]
[EndTime "12:09:51 PST"]
[Termination "mapleaff won by resignation"]

1. b4 a5 2. b5 b6 3. Bb2 Bb7 4. e3 Nf6 5. f4 e6 6. Nf3 Be7 7.
Bd3 O-O 8. Nc3 d5 9. Rg1 Nbd7 10.
g4 Nc5 11. g5 Nxd3+ 12. cxd3 Ne8 13. Ne2 a4 14. Rc1 a3 15. Ba1 Ra5 16. Ned4 Nd6 17.
Ne5 Nxb5 18. Ndc6 Bxc6 19. Nxc6 Qd7 20. Nxa5 bxa5 21. Qc2 c5 22. Ke2 d4 23. Rb1 Nc7 24.
exd4 Nd5 25. Rbf1 cxd4 26. Bxd4 Nb4 27. Qc3 Rc8 28. Bxg7 Rxc3 29. Bxc3 Qxd3+ 30. Kd1 Nd5 31. Bxa5 Ne3+ 32. Ke1 Nxf1 33. Rxf1 Qb1+ 34. Ke2 Qxa2 35. Bc3 Qc4+ 36. Kf2 Bc5+ 37. Kg2 Qe2+ 38. Kg3 Qxf1 0-1

[Event "*** Titled Tuesday Blitz"]
[Site "Chess.com"]
[Date "2021.03.09"]
[Round "11"]
[White "Vanina1989"]
[Black "Aradhya2000"]
[Result "0-1"]
[WhiteElo "2721"]
[BlackElo "2580"]
[TimeControl "180+1"]
[EndTime "12:09:52 PST"]
[Termination "Aradhya2000 won on time"]

1. d4 d5 2. c4 c6 3. Nf3 Nf6 4. g3 Bf5 5. Bg2 e6 6. O-O Nbd7 7. Nc3 dxc4 8. Nh4 Bg4 9. h3 Bh5 10. g4 Bg6 11. Nxg6 hxg6 12. e4 Be7 13. Qe2 Nb6 14. Be3 Qc7 15. f4 O-O-O 16. a4 a5 17. Rfc1 Kb8 18. Qf2 Nfd7 19. Nb1 f5 20. Nd2 fxg4 21.
hxg4 Bh4 22. Qf3 g5 23. f5 exf5 24. gxf5 Nf6 25. Nxc4 Nxc4 26. Rxc4 Rde8 27. e5 Nd5 28. Qxd5 cxd5 29. Rxc7 Kxc7 30. Bxd5 Bg3 31. Rc1+ Kb8 32. Rc5 b6 33. Rc6 Bxe5 34. Rxb6+ Kc7 35. dxe5 Rxe5 36. Rb7+ Kd6 37. Bd4 Rxd5 38. Bxg7 Rh4 39. f6 Rg4+ 40. Kf2 Rf5+ 41. Ke3 Rg3+ 42. Ke2 Rg2+ 43. Ke3 Rgf2 44. Kd3 g4 0-1

[Event "*** Titled Tuesday Blitz"]
[Site "Chess.com"]
[Date "2021.03.09"]
[Round "11"]
[White "lucachess49"]
[Black "MaevskiyNikolay"]
[Result "0-1"]
[WhiteElo "2396"]
[BlackElo "2513"]
[TimeControl "180+1"]
[EndTime "12:09:52 PST"]
[Termination "MaevskiyNikolay won on time"]

1. d4 a6 2. e4 b5 3. Bd3 Bb7 4. f3 e6 5. Ne2 c5 6. b3 Qc7 7. c3 Ne7 8. O-O Ng6 9. f4 Be7 10.
d5 exd5 11. exd5 Bd6 12. c4 Ne7 13. Bb2 f6 14. Nbc3 b4 15. Ne4 a5 16. N2g3 Rf8 17.
Qh5+ Kd8 18. Rae1 h6 19. Nxd6 Qxd6 20. Qg4 Rf7 21. Ne4 Qb6 22. d6 Nbc6 23. dxe7+ Nxe7 24. Qh5 Rf8 25. Qxc5 Qxc5+ 26. Nxc5 Bc6 27. Be4 Kc7 28. Rd1 Rfd8 29. f5 a4 30. Rfe1 axb3 31. axb3 Ra2 32. Bd4 Bxe4 33. Nxe4 Nxf5 34. Bc5 Nh4 35. Bf2 Nf5 36.
Bc5 Rb2 37. Bxb4 Nh4 38. Bd6+ Kc6 39. Rd2 Rxb3 0-1

[Event "*** Titled Tuesday Blitz"]
[Site "Chess.com"]
[Date "2021.03.09"]
[Round "11"]
[White "Homyakova_Elena"]
[Black "LileKoridze"]
[Result "1-0"]
[WhiteElo "2299"]
[BlackElo "2415"]
[TimeControl "180+1"]
[EndTime "12:09:52 PST"]
[Termination "Homyakova_Elena won by resignation"]

1. e4 c5 2. Nf3 d6 3. d4 cxd4 4. Nxd4 Nf6 5. Nc3 Nc6 6. Be2 e5 7. Nf3 Be7 8. O-O O-O 9. h3 Be6 10. Re1 a6 11. Bf1 Qd7 12. a4 Rfd8 13. Re2 Nb4 14.
Rd2 Qc6 15. Ng5 d5 16. exd5 Nbxd5 17. Nxd5 Bxd5 18. b3 h6 19. c4 hxg5 20. cxd5 Nxd5 21. Bc4 Nf4 22. Qg4 Bf6 23. Rxd8+ Rxd8 24. Be3 e4 25. Rc1 Qd6 26. h4 Bb2 27. Rb1 Be5 28. hxg5 g6 29. Rc1 Kg7 30. g3 Nd3 31. Rd1 Qc6 32. Qe2 Qd6 33. Qg4 Rd7 34. Qxe4 Bxg3 35. Rxd3 Bxf2+ 36. Bxf2 Qc7 37. Rxd7 Qxd7 38. Qd4+ 1-0

[Event "*** Titled Tuesday Blitz"]
[Site "Chess.com"]
[Date "2021.03.09"]
[Round "11"]
[White "SilviusTiberius"]
[Black "NoGalloNoParty"]
[Result "1-0"]
[WhiteElo "2522"]
[BlackElo "2340"]
[TimeControl "180+1"]
[EndTime "12:09:53 PST"]
[Termination "SilviusTiberius won on time"]

1. e4 c5 2. Nf3 e6 3. d4 cxd4 4. Nxd4 Nc6 5. Nc3 Qc7 6. Be3 a6 7. Qf3 h5 8. O-O-O Ne5 9. Qg3 h4 10. Qh3 Nf6 11. Be2 b5 12. f4 Nc4 13. Bxc4 Qxc4 14. e5 b4 15. Nce2 Nd5 16. b3 Qc7 17. Kb1 Bb7 18. Bc1 Be7 19. g4 a5 20.
Rhf1 a4 21. Bb2 Qa5 22. f5 axb3 23. axb3 Qa2+ 24. Kc1 Bg5+ 25. Rd2 O-O 26. f6 g6 27. Nf3 Bxd2+ 28. Kxd2 Qa7 29. Bd4 Qa6 30. Qxh4 Nc3 31.
Re1 Ne4+ 32. Ke3 Nd6 33. Qh6 Ne8 34. Ng5 Nxf6 35. exf6 1-0

[Event "*** Titled Tuesday Blitz"]
[Site "Chess.com"]
[Date "2021.03.09"]
[Round "11"]
[White "Ladislav1969"]
[Black "zacachess"]
[Result "0-1"]
[WhiteElo "2340"]
[BlackElo "2488"]
[TimeControl "180+1"]
[EndTime "12:09:53 PST"]
[Termination "zacachess won by resignation"]

1. e4 c5 2. d4 cxd4 3. c3 dxc3 4. Nxc3 Nc6 5. Nf3 e6 6. Bf4 a6 7. Qd2 Nge7 8. Bd6 Ng6 9. Bxf8 Nxf8 10. Be2 Ng6 11. h4 Nge5 12. Nxe5 Nxe5 13. Qd4 f6 14. f4 Nc6 15. Qe3 O-O 16. O-O b5 17. Rad1 Qe7 18. h5 Bb7 19. h6 g6 20. Qb6 Rab8 21. Qc7 Rfd8 22. Kh2 Ba8 23. e5 f5 24. Bf3 Rbc8 25. Qd6 Qh4+ 26. Kg1 Qxh6 27. Nd5 exd5 28. Bxd5+ Kh8 29.
Rf3 Qf8 30. Bxc6 Qxd6 31. exd6 Bxc6 32. Re3 Re8 33. Rde1 Rxe3 34. Rxe3 Be4 35. Rc3 Rxc3 36. bxc3 Kg7 37. Kf2 Kf7 38. g3 Ke6 39. Ke3 Kxd6 40.
Kd4 Ke6 0-1

[Event "*** Titled Tuesday Blitz"]
[Site "Chess.com"]
[Date "2021.03.09"]
[Round "11"]
[White "olksuna"]
[Black "wonderfultime"]
[Result "0-1"]
[WhiteElo "2674"]
[BlackElo "2954"]
[TimeControl "180+1"]
[EndTime "12:09:54 PST"]
[Termination "wonderfultime won on time"]

1. e4 c5 2. Nf3 Nf6 3. e5 Nd5 4.
Nc3 e6 5. Ne4 f5 6. Nc3 Ne7 7.
Nb5 Ng6 8. b3 a6 9. Nd6+ Bxd6 10. exd6 Qb6 11. Bb2 O-O 12. h4 Qxd6 13. h5 Nh8 14. h6 g6 15. d4 Nf7 16. c4 Nc6 17. Be2 b6 18. Qd2 cxd4 19. Nxd4 e5 20. Nc2 Qxd2+ 21.
Kxd2 Bb7 22. Rad1 Rad8 23. Kc1 f4 24. Bf3 d6 25. Bd5 Na5 26. g3 fxg3 27. fxg3 Bxd5 28.
Rxd5 Nb7 29. Nb4 Nc5 30. Nd3 Ne4 31. g4 Nf6 32. Nb4 Nxd5 33. Nxd5 Ng5 34. Rd1 b5 35. cxb5 axb5 36. Ba3 Ne4 37. Bb4 Rf2 38. Re1 Nf6 39. Ne3 Rxa2 40. g5 Ra1+ 41. Kb2 Rxe1 42.
Bxe1 Ne4 0-1

[Event "*** Titled Tuesday Blitz"]
[Site "Chess.com"]
[Date "2021.03.09"]
[Round "11"]
[White "Dyadya81"]
[Black "KhamzinOlzhas"]
[Result "0-1"]
[WhiteElo "2722"]
[BlackElo "2581"]
[TimeControl "180+1"]
[EndTime "12:09:54 PST"]
[Termination "KhamzinOlzhas won on time"]

1. e4 e6 2. d4 d5 3. Nc3 Bb4 4. e5 c5 5. a3 Bxc3+ 6. bxc3 Ne7 7.
Qg4 Qc7 8. Bd3 c4 9. Be2 Nf5 10.
Qh3 Nc6 11. g4 Nfe7 12. f4 Bd7 13. a4 Qa5 14. Bd2 O-O-O 15. Nf3 h5 16. gxh5 Nf5 17. Ng5 Rdf8 18. Rg1 Kb8 19. Bg4 f6 20. Bxf5 exf5 21.
Nf3 Be8 22. Rxg7 Bxh5 23. Rb1 Qxa4 24. Qxf5 Nd8 25. Nh4 Be8 26. e6 Bc6 27. Ng6 Re8 28.
e7 Rxh2 29. Qxf6 Ne6 30. Qxe6 Qxc2 0-1

[Event "*** Titled Tuesday Blitz"]
[Site "Chess.com"]
[Date "2021.03.09"]
[Round "11"]
[White "atbenina64"]
[Black "ChampStan"]
[Result "1-0"]
[WhiteElo "2521"]
[BlackElo "2068"]
[TimeControl "180+1"]
[EndTime "12:09:55 PST"]
[Termination "atbenina64 won on time"]

1. d4 Nf6 2. c4 g6 3. g3 Bg7 4.
Bg2 d5 5. cxd5 Nxd5 6. e4 Nb6 7. Ne2 O-O 8. O-O Nc6 9. d5 Na5 10. Nbc3 c6 11. h3 cxd5 12. exd5 Bd7 13. b3 Rc8 14.
Bb2 e6 15. d6 Bc6 16. Qd3 Bxg2 17. Kxg2 Nc6 18. Rfd1 Qd7 19. Rab1 Ne5 20. Qe3 Nec4 21. bxc4 Nxc4 22. Qd3 Nxb2 23. Rxb2 Qc6+ 24. Kg1 Bxc3 25. Rc2 Rfd8 26. Rxc3 Qb6 27. Rxc8 Rxc8 28. d7 Rd8 29. Rc1 Kf8 30. Rc8 Ke7 31. Rxd8 Qxd8 32. Qa3+ Kxd7 33. Qxa7 Qc7 34. Nd4 e5 35. Qa4+ Ke7 36. Ne2 f6 37.
Qb4+ Kf7 38. h4 h5 39. a4 Qc6 40. a5 Ke6 41. Nc3 f5 42. Qb3+ Kf6 43. Nd5+ Kg7 44. Ne3 Kf6 45. Qd5 Qc7 46. a6 f4 47. axb7 fxe3 48.
fxe3 Qb8 49. Qf3+ Ke7 50. Qc6 1-0

[Event "*** Titled Tuesday Blitz"]
[Site "Chess.com"]
[Date "2021.03.09"]
[Round "11"]
[White "A-S-00"]
[Black "suneebaker"]
[Result "0-1"]
[WhiteElo "2361"]
[BlackElo "2233"]
[TimeControl "180+1"]
[EndTime "12:09:55 PST"]
[Termination "suneebaker won on time"]

1. d4 Nf6 2. Nf3 e6 3. c4 b6 4. Nc3 Bb4 5. Bg5 h6 6. Bh4 Bb7 7. Qc2 c5 8. e3 O-O 9. Be2 cxd4 10. exd4 d5 11. O-O dxc4 12. Rad1 Nbd7 13. Ne5 Be7 14. Nxc4 Rc8 15. Bg3 a6 16. Nd6 Bxd6 17. Bxd6 Re8 18. Qb3 Nf8 19. Bg3 Nd5 20. Ne4 f5 21. Nd6 f4 22.
Nxb7 Qc7 23. Bxa6 fxg3 24. fxg3 Ra8 25. Rc1 Qe7 26. Qc4 Ne3 27. Qe2 Nxf1 28. Rxf1 Qd7 29. Bb5 Qxd4+ 30. Kh1 Re7 31. Bd3 Rxb7 32. Be4 Rba7 33.
Bxa8 Rxa8 34. Qf3 Rd8 35. Qf7+ Kh8 36. b3 e5 37. Qe7 Ng6 38. Qf7 Kh7 39. Qe6 e4 0-1

[Event "*** Titled Tuesday Blitz"]
[Site "Chess.com"]
[Date "2021.03.09"]
[Round "11"]
[White "Sanyura"]
[Black "NiranjanNavalgund"]
[Result "0-1"]
[WhiteElo "2612"]
[BlackElo "2479"]
[TimeControl "180+1"]
[EndTime "12:09:56 PST"]
[Termination "NiranjanNavalgund won by checkmate"]

1. e4 e5 2. Nf3 Nc6 3. Bb5 a6 4. Ba4 Nf6 5. O-O Be7 6. Re1 b5 7.
Bb3 d6 8. c3 O-O 9. h3 Nb8 10.
d4 Nbd7 11. Nbd2 Bb7 12. a3 c5 13. Bc2 Re8 14. b4 Bf8 15. Bb2 cxd4 16. cxd4 exd4 17.
Nxd4 d5 18. exd5 Rxe1+ 19. Qxe1 Bxd5 20. N2f3 Qb6 21. Rd1 Re8 22. Qd2 Ne4 23. Qf4 Ndf6 24. Ng5 Bd6 25. Qh4 h6 26. Nxe4 Bxe4 27. Bb3 Be5 28. Re1 Bxd4 29. Bxd4 Qxd4 30. Qg3 Qd3 31. Qxd3 Bxd3 32. Rd1 Bc4 33. Bc2 g5 34. Rd6 Re6 35.
Rd8+ Kg7 36. Ra8 Ne4 37. Bxe4 Rxe4 38. Rxa6 Re1+ 39. Kh2 f5 40. Ra7+ Kg6 41. Ra6+ Kg7 42. a4 bxa4 43. Rxa4 Rb1 44. Ra7+ Kf6 45. Rb7 h5 46. Rb6+ Ke5 47. Rg6 g4 48. hxg4 hxg4 49. Rb6 f4 50. Rb8 Rb3 51. Re8+ Kf5 52. Rf8+ Kg5 53.
Rb8 g3+ 54. fxg3 fxg3+ 55. Kh3 Be6# 0-1

[Event "*** Titled Tuesday Blitz"]
[Site "Chess.com"]
[Date "2021.03.09"]
[Round "11"]
[White "anon219"]
[Black "dozer80"]
[Result "1-0"]
[WhiteElo "2880"]
[BlackElo "2634"]
[TimeControl "180+1"]
[EndTime "12:09:57 PST"]
[Termination "anon219 won by resignation"]

1. e4 c5 2. Nf3 e6 3. b3 b6 4. Bb2 Bb7 5. Qe2 Nc6 6. c4 Nge7 7. g3 Qc7 8. Nc3 a6 9. Bg2 Nd4 10. Nxd4 cxd4 11. Nb1 Nc6 12. O-O Be7 13. d3 O-O 14. Nd2 b5 15. Rac1 Qb6 16. f4 f6 17. Kh1 Qa5 18. Nf3 Qxa2 19. Ra1 Qxb3 20. Rfb1 Qb4 21. Ba3 Qxa3 22. Rxa3 Bxa3 23. e5 f5 24. h4 Be7 25.
cxb5 axb5 26. Rxb5 Ba6 27. Rb1 Rab8 28. Ra1 Rb6 29. Nd2 Rfb8 30. Kh2 Nb4 31. Nc4 Bxc4 32. dxc4 Bc5 33. Ra5 d3 34. Qd2 Rc8 35. h5 h6 36.
Kh3 Bf8 37. Qc3 Rbb8 38. g4 fxg4+ 39. Kxg4 Rc7 40. Ra8 Rxa8 41. Bxa8 Ra7 42. Be4 Ra1 43. Bxd3 Rg1+ 44. Kh3 Rh1+ 45. Kg2 Rxh5 46. Be2 Rh4 47. Qg3 Rxf4 48. Qxf4 Nc6 49. Bh5 1-0

[Event "*** Titled Tuesday Blitz"]
[Site "Chess.com"]
[Date "2021.03.09"]
[Round "11"]
[White "SimplyDevina"]
[Black "03revilo"]
[Result "1-0"]
[WhiteElo "2224"]
[BlackElo "2319"]
[TimeControl "180+1"]
[EndTime "12:09:57 PST"]
[Termination "SimplyDevina won on time"]

1. d4 d5 2. c4 e6 3. Nc3 Nf6 4. cxd5 exd5 5. Bg5 c6 6. e3 Bd6 7. Bd3 O-O 8. Qc2 h6 9. Bh4 Re8 10. Nge2 a5 11. Bg3 Na6 12. a3 Nc7 13. O-O Ne6 14. Rab1 Ng5 15. b4 axb4 16. axb4 Bg4 17. f3 Bxg3 18.
Nxg3 Bd7 19. Rfe1 h5 20. b5 h4 21. Nf5 h3 22. bxc6 bxc6 23. Nd6 Re6 24. Nb7 Qe7 25.
e4 dxe4 26. fxe4 Ra3 27. Nc5 Rd6 28. e5 Rxd4 29. Rb8+ Be8 30. Kf1 hxg2+ 31. Qxg2 Qxc5 32. exf6 Rf4+ 33. Ke2 1-0

[Event "*** Titled Tuesday Blitz"]
[Site "Chess.com"]
[Date "2021.03.09"]
[Round "11"]
[White "yonaltimur"]
[Black "dhaessel"]
[Result "0-1"]
[WhiteElo "1799"]
[BlackElo "1969"]
[TimeControl "180+1"]
[EndTime "12:09:57 PST"]
[Termination "dhaessel won by checkmate"]

1. e4 e5 2. Nf3 Nc6 3. Bb5 Nf6 4. O-O Nxe4 5. Re1 Nd6 6. Bxc6 dxc6 7. Nxe5 Be7 8. d4 O-O 9. c3 Ne8 10. Bf4 Be6 11. Nd2 c5 12. Ndf3 Bd6 13. Bg3 Nf6 14. c4 cxd4 15. Nxd4 Bxe5 16. Nxe6 Qxd1 17. Raxd1 Bxg3 18. Nxf8 Bd6 19. Nxh7 Kxh7 20. h3 Kg6 21. a3 a5 22. g3 a4 23. f4 Ra6 24. Kg2 Rb6 25. Re2 Rb3 26. Rf1 Nh5 27. Rf3 Rb6 28. Kf2 Bc5+ 29.
Kg2 Bd4 30. g4 Nf6 31. Rd3 Bxb2 32. Rd7 Bxa3 33. Rxc7 Bd6 34. Rc8 Bxf4 35. Ra8 Rb3 36. Rxa4 Rg3+ 37. Kf2 Rxh3 38. c5 Nxg4+ 39. Ke1 Rh1# 0-1

[Event "*** Titled Tuesday Blitz"]
[Site "Chess.com"]
[Date "2021.03.09"]
[Round "11"]
[White "chessdjw"]
[Black "Fandorine"]
[Result "1-0"]
[WhiteElo "2765"]
[BlackElo "2885"]
[TimeControl "180+1"]
[EndTime "12:09:59 PST"]
[Termination "chessdjw won by resignation"]

1. e4 c5 2. Nf3 d6 3. Bb5+ Nd7 4. a4 Nf6 5. Nc3 a6 6. Be2 b6 7. d4 cxd4 8. Qxd4 Bb7 9. O-O e6 10. Rd1 Be7 11. Nd2 Ne5 12. Nc4 Nxc4 13. Bxc4 O-O 14. e5 dxe5 15. Qxe5 Qc8 16. Be2 Qc5 17. Qg3 Rfd8 18.
Be3 Qb4 19. Qc7 Bd5 20. Qxb6 Qh4 21. Rd4 Ne4 22. Nxe4 Bxe4 23. Rad1 Rdb8 24. Qc7 Bf6 25. g3 Bxd4 26. gxh4 Bxe3 27. fxe3 Rc8 28. Qf4 Bxc2 29.
Rd7 Rf8 30. a5 h6 31. b4 Bg6 32. h5 Bf5 33. Kf2 Rac8 34. e4 Bh7 35. Bxa6 Rc2+ 36.
Be2 e5 37. Qxe5 f6 38. Qe7 1-0